 Dungeon Crawl Stone Soup version 0.28-a0-895-g6e5f11bd55 (webtiles) character file.

Game seed: 1692593681065547458

858 vineage the Skirmisher (level 8, -1/52 HPs)
             Began as a Gargoyle Fighter on Nov 22, 2021.
             Slain by Prince Ribbit (13 damage)
             ... on level 5 of the Dungeon.
             The game lasted 00:04:45 (4754 turns).

vineage the Skirmisher (Gargoyle Fighter)           Turns: 4754, Time: 00:04:46

Health: -1/52      AC: 13    Str: 25    XL:     8   Next: 2%
Magic:  8/8        EV: 10    Int: 10    God:
Gold:   151        SH:  6    Dex: 14    Spells: 7/7 levels left

rFire   . . .      SeeInvis .   a - +1 flail
rCold   + . .      Faith    .   c - +1 buckler
rNeg    + . .      Spirit   .   f - +0 scale mail {rC+}
rPois   ∞          Reflect  .   (no helmet)
rElec   +          Harm     .   (no cloak)
rCorr   .          Rampage  .   (no gloves)
Will    .....                   (no boots)
Stlth   ..........              (no amulet)
HPRegen 0.17/turn               i - ring "Xugolop" {Str+6 Dex+3}
MPRegen 0.11/turn               (no ring)

@: invisible
A: sickness immunity, AC +5, negative energy resistance 1, electricity
resistance, torment resistance 1, petrification resistance
a: no special abilities


You were on level 5 of the Dungeon.
You visited 1 branch of the dungeon, and saw 5 of its levels.

You collected 151 gold pieces.

Inventory:

Hand Weapons
 a - a +1 flail (weapon)
Missiles
 k - a throwing net (quivered)
Armour
 b - a +0 scale mail
 c - a +1 buckler (worn)
 f - a +0 scale mail of cold resistance (worn)
Jewellery
 i - the ring "Xugolop" (left hand) {Str+6 Dex+3}
   (You found it on level 4 of the Dungeon)

   [ring of strength]

   Str:       It affects your strength (+6).
   Dex:       It affects your dexterity (+3).
Wands
 d - a wand of flame (16)
Scrolls
 e - 3 scrolls of enchant armour
Potions
 g - 2 potions of attraction
 j - a potion of brilliance


   Skills:
 * Level 6.9 Fighting
 + Level 4.2 Maces & Flails
 + Level 5.3 Armour
 + Level 5.4 Shields


You had 7 spell levels left.
You didn't know any spells.
Your spell library contained the following spells:

 Spells                   Type           Power      Damage    Failure   Level
 Apportation              Tloc           0%         N/A       63%         1
 Leda's Liquefaction      Hex/Erth       0%         N/A       100%        4
 Alistair's Intoxication  Tmut/Pois      0%         N/A       100%        5
 Lee's Rapid Deconstruct  Erth           0%         3d5*      100%        5
 Summon Forest            Summ/Tloc      0%         N/A       100%        5
 Eringya's Noxious Bog    Tmut/Pois      0%         N/A       100%        6
 Summon Hydra             Summ           0%         N/A       100%        7
 Statue Form              Tmut/Erth      Unusable   N/A       N/A         6

Dungeon Overview and Level Annotations

Branches:
Dungeon (5/15)
 Temple: D:4-7

Altars:
Kikubaaqudgha

Annotations:
D:5 Prince Ribbit


Innate Abilities, Weirdness & Mutations

You are immune to sickness and miasma.
Your stone body is resilient. (AC +5)
You are immune to poison.
You resist negative energy. (rN+)
You are resistant to electric shocks. (rElec)
You are resistant to unholy torment.
You are immune to petrification.


Message History

Prince Ribbit is moderately wounded.
Prince Ribbit hits you!
You closely miss Prince Ribbit.
Prince Ribbit is moderately wounded.
Prince Ribbit barely misses you. x2
You closely miss Prince Ribbit.
Prince Ribbit is moderately wounded.
Prince Ribbit hits you! Prince Ribbit closely misses you.
You are too injured to fight recklessly!
You are too injured to fight recklessly!
You are too injured to fight recklessly!
You are too injured to fight recklessly!
You are too injured to fight recklessly!
You are too injured to fight recklessly!
You are too injured to fight recklessly!
You are too injured to fight recklessly!
You are too injured to fight recklessly!
You are too injured to fight recklessly!
You are too injured to fight recklessly!
You are too injured to fight recklessly!
You are too injured to fight recklessly!
You hit Prince Ribbit.
Prince Ribbit is moderately wounded.
Prince Ribbit hits you but does no damage.
It was a potion of invisibility.
You fade into invisibility!
Prince Ribbit closely misses you.
Prince Ribbit hits you but does no damage.
You hit Prince Ribbit.
Prince Ribbit is heavily wounded.
Prince Ribbit hits you!
* * * LOW HITPOINT WARNING * * *
You strike the helpless Prince Ribbit from behind!
You sock Prince Ribbit!
Prince Ribbit is severely wounded.
Prince Ribbit barely misses you. Prince Ribbit closely misses you.
You thump Prince Ribbit!
Prince Ribbit is almost dead.
Prince Ribbit hits you!
You die...

#. . <
#.#.###
.##......
..# ....#..
.. ###.....
.. ......(.#
.# ... #..F#
..#
#.##..@###.#
#.........|#
#..........#
#.........##
####...####
#...# #...#
##.##
######.#####


You could see Prince Ribbit.

Vanquished Creatures
  A water moccasin (D:5)
  A black bear (D:3)
  An ice beast (D:5)
  A necrophage (D:5)
  A centaur (D:5)
  A scorpion (D:4)
  A howler monkey (D:5)
  A hound (D:4)
  An orc priest (D:3)
  An iguana (D:3)
  An orc wizard (D:4)
  Robin (D:2)
  7 gnolls
  An adder (D:2)
  A shadow imp (D:5)
  3 worms (D:2)
  2 dart slugs
  11 orcs
  6 ball pythons
  3 endoplasms
  6 giant cockroaches
  17 goblins
  5 hobgoblins
  3 jackals
  4 quokkas
  3 bats
  5 frilled lizards
  4 kobolds
  4 rats
97 creatures vanquished.

Notes
Turn   | Place    | Note
-------+----------+-------------------------------------------
     0 | D:1      | vineage the Gargoyle Fighter began the quest for the Orb.
     0 | D:1      | Reached XP level 1. HP: 14/14 MP: 1/1
   346 | D:1      | Reached XP level 2. HP: 17/19 MP: 2/2
  1231 | D:2      | Reached XP level 3. HP: 22/24 MP: 3/3
  1264 | D:2      | Noticed Robin
  1288 | D:2      | Reached skill level 4 in Fighting
  1291 | D:2      | Killed Robin
  1367 | D:2      | Reached XP level 4. HP: 11/29 MP: 4/4
  1743 | D:2      | Found a faded altar of an unknown god.
  2386 | D:3      | Reached XP level 5. HP: 23/34 MP: 5/5
  2492 | D:3      | Noticed a black bear
  2792 | D:3      | Killed a black bear
  2793 | D:3      | Reached skill level 5 in Fighting
  2793 | D:3      | Reached XP level 6. HP: 23/40 MP: 6/6
  3629 | D:4      | Identified the ring "Xugolop" {Str+6 Dex+3}
  4143 | D:4      | Found an ancient bone altar of Kikubaaqudgha.
  4235 | D:4      | Reached XP level 7. HP: 45/45 MP: 7/7
  4374 | D:5      | Entered Level 5 of the Dungeon
  4385 | D:5      | Reached skill level 6 in Fighting
  4432 | D:5      | Reached skill level 5 in Armour
  4432 | D:5      | Reached skill level 5 in Shields
  4713 | D:5      | Reached XP level 8. HP: 50/52 MP: 8/8
  4739 | D:5      | Noticed Prince Ribbit
  4754 | D:5      | Slain by Prince Ribbit

Illustrated notes

Levels and vault maps discovered:
D:1:      psy_arrival_radial01, layout_basic, minmay_misc_feat_chi
D:2:      layout_rooms, hellmonk_ecumenical_altar_pennies_from_heaven,
          chequers_serial_rivers_room_a, uniq_robin
D:3:      layout_rooms, bh_walls_and_bars
D:4:      layout_basic, kiku_gazebo_garden_becter, corexii_shack,
          eino_small_chamber_without_monster
D:5:      layout_loops_ring, uniq_prince_ribbit1

Skill      XL: |  1  2  3  4  5  6  7 |
---------------+----------------------+-----
Fighting       | 4 5 6 |  6.9
Shields        | 4 5 |  5.4
Armour         | 4 5 |  5.3
Maces & Flails | 3 4 |  4.2

Action                   |  1- 3 |  4- 6 |  7- 9 || total
-------------------------+-------+-------+-------++-------
Melee: Flail             |   127 |   190 |    66 ||   383
  Use: Potion            |     1 |     2 |     1 ||     4
       Scroll            |       |     6 |       ||     6
 Stab: Invisible         |       |       |     1 ||     1
Armor: Scale mail        |    81 |   119 |    29 ||   229
Dodge: Dodged            |    64 |   122 |    35 ||   221
Block: Buckler           |    31 |    64 |    21 ||   116

Table legend: (Time is in decaauts)
 A = Elapsed time spent in this place.
 B = Non-inter-level travel time spent in this place.
 C = Inter-level travel time spent in this place.
 D = Time resting spent in this place.
 E = Time spent auto-exploring this place.
 F = Levels seen in this place.
 G = Mean time per level.
                   A        B        C        D        E       F      G
               +--------+--------+--------+--------+--------+-----+--------+
         Total |   4872 |   4744 |    128 |    362 |   3515 |   5 |  974.4 |
       Dungeon |   4872 |   4744 |    128 |    362 |   3515 |   5 |  974.4 |
               +--------+--------+--------+--------+--------+-----+--------+

Top non-repeatable levels by time:
     D:1: 1208 daAuts
     D:2: 1167 daAuts
     D:4: 1159 daAuts
     D:3: 944 daAuts
     D:5: 391 daAuts
